 Dungeon Crawl Stone Soup version 0.29-a0-233-g1125b37a9b (webtiles) character file.

Game seed: 17904207251329072491

17 brightshaft the Slasher (level 2, 0/27 HPs)
             Began as a Minotaur Monk on Mar 1, 2022.
             Slain by a hobgoblin (3 damage)
             ... on level 1 of the Dungeon.
             The game lasted 00:01:19 (489 turns).

brightshaft the Slasher (Minotaur Monk)              Turns: 489, Time: 00:01:20

Health: 0/27       AC:  2    Str: 15    XL:     2   Next: 44%
Magic:  1/1        EV: 13    Int:  7    God:
Gold:   6          SH:  0    Dex: 12    Spells: 1/1 levels left

rFire   . . .      SeeInvis .   a - +0 falchion
rCold   . . .      Faith    .   (no shield)
rNeg    . . .      Spirit   .   b - +0 robe
rPois   .          Reflect  .   (helmet restricted)
rElec   .          Harm     .   (no cloak)
rCorr   .          Rampage  .   (no gloves)
Will    .....                   (no boots)
Stlth   ++........              (no amulet)
HPRegen 0.09/turn               (no ring)
MPRegen 0.07/turn               (no ring)

@: no status effects
A: horns 2, retaliatory headbutt
a: no special abilities


You were on level 1 of the Dungeon.
You visited 1 branch of the dungeon, and saw 1 of its levels.

You collected 6 gold pieces.

Inventory:

Hand Weapons
 a - a +0 falchion (weapon)
Armour
 b - a +0 robe (worn)
 g - a +0 plate armour
Jewellery
 e - a ring of protection from fire
Scrolls
 d - 3 scrolls of amnesia {unknown}
 f - a scroll of identify {unknown}
 h - a scroll of fog {unknown}
Potions
 c - 2 potions of curing {unknown}


   Skills:
 + Level 3.9 Fighting
 * Level 4.2 Long Blades
 + Level 3.5 Dodging
 - Level 1.5 Stealth


You had one spell level left.
You didn't know any spells.
Your spell library was empty.

Dungeon Overview and Level Annotations

Branches:
Dungeon (1/15)

Altars:

Shops:
D:1 *


Innate Abilities, Weirdness & Mutations

You have a pair of horns on your head.
You reflexively headbutt those who attack you in melee.


Message History

You open the door.
Found a stone staircase leading down.
There is an open door here.
A hobgoblin comes into view.
An endoplasm comes into view.
A goblin comes into view. It is wielding a +0 club.
A hobgoblin comes into view.
The hobgoblin shouts!
The goblin shouts!
The hobgoblin shouts!
You hear a shout!
The endoplasm jiggles.
A goblin comes into view. It is wielding a +0 dagger.
The hobgoblin closely misses you.
You hit the hobgoblin but do no damage. The hobgoblin hits you.
The goblin barely misses you.
You barely miss the hobgoblin.
The endoplasm hits you but does no damage.
The hobgoblin misses you. The goblin hits you with a +0 club.
You closely miss the hobgoblin. The endoplasm closely misses you.
The hobgoblin misses you. The endoplasm freezes you.
You are frozen.
You closely miss the goblin. The hobgoblin misses you.
The goblin hits you with a +0 club. The hobgoblin closely misses you.
The endoplasm barely misses you. The hobgoblin barely misses you.
You barely miss the goblin. You headbutt the goblin.
The goblin is heavily wounded.
The goblin hits you but does no damage. The goblin hits you with a +0 club.
The hobgoblin hits you.
* * * LOW HITPOINT WARNING * * *
The endoplasm freezes you.
You are frozen.
* * * LOW HITPOINT WARNING * * *
The hobgoblin closely misses you. The goblin hits you with a +0 dagger.
* * * LOW HITPOINT WARNING * * *
The goblin barely misses you. You furiously retaliate!
You headbutt the goblin.
You kill the goblin!
You see here a throwing net.
The hobgoblin barely misses you. The hobgoblin hits you.
You die...

####### ########
#.....#
########......###.....#
.......'......'.@..>..#
##.#####......###gJ...#
#.# #......# #gg...#
#.# #......#
#.....###### #.#
#......# #..........#
#.# ########
###........# ##.#
#........# ...########
#........# ...........
#........#


You could see an endoplasm, 2 hobgoblins and a goblin.

Vanquished Creatures
  A bat (D:1)
  3 endoplasms (D:1)
  3 goblins (D:1)
  3 hobgoblins (D:1)
  A kobold (D:1)
  A ball python (D:1)
  A frilled lizard (D:1)
  A rat (D:1)
14 creatures vanquished.

Notes
Turn   | Place    | Note
-------+----------+-------------------------------------------
     0 | D:1      | brightshaft the Minotaur Monk began the quest for the Orb.
     0 | D:1      | Reached XP level 1. HP: 19/19 MP: 0/0
   217 | D:1      | Reached skill level 4 in Long Blades
   284 | D:1      | Found Eseuc's Assorted Antiques.
   289 | D:1      | Reached XP level 2. HP: 27/27 MP: 1/1
   489 | D:1      | Slain by a hobgoblin

Illustrated notes

Levels and vault maps discovered:
D:1:      dpeg_arrival_refuge, layout_basic, serial_shops, shop,
          grunt_decor_junction

Skill      XL: |  1 |
---------------+----+-----
Long Blades    | 4 |  4.2
Fighting       | |  3.9
Dodging        | |  3.5
Stealth        | |  1.5

Action                   || total
-------------------------++-------
Melee: Falchion          ||    28
       Headbutt          ||     5
Armor: Robe              ||     5
Dodge: Dodged            ||    24

Table legend: (Time is in decaauts)
 A = Elapsed time spent in this place.
 B = Non-inter-level travel time spent in this place.
 C = Inter-level travel time spent in this place.
 D = Time resting spent in this place.
 E = Time spent auto-exploring this place.
 F = Levels seen in this place.
 G = Mean time per level.
                   A        B        C        D        E       F      G
               +--------+--------+--------+--------+--------+-----+--------+
         Total |    492 |    492 |      0 |      0 |    405 |   1 |  492.0 |
       Dungeon |    492 |    492 |      0 |      0 |    405 |   1 |  492.0 |
               +--------+--------+--------+--------+--------+-----+--------+

Top non-repeatable levels by time:
     D:1: 492 daAuts
